 Dungeon Crawl Stone Soup version 0.29.0-3-gbb0933ed62 (webtiles) character file.

Game seed: 2061103404230971934

3914 keekatzer the Ruffian (level 10, -8/94 HPs)
             Began as a Troll Transmuter on Aug 25, 2022.
             Mangled by a komodo dragon (19 damage)
             ... on level 1 of the Lair of Beasts on Aug 26, 2022.
             The game lasted 01:06:58 (5930 turns).

keekatzer the Ruffian (Troll Transmuter)            Turns: 5930, Time: 01:06:58

Health: -8/94      AC:  5    Str: 20    XL:     10   Next: 1%
Magic:  15/15      EV: 11    Int: 11    God:
Gold:   209        SH:  0    Dex: 12    Spells: 6/17 levels left

rFire   . . .      SeeInvis +   K - +4 quarterstaff (chaos)
rCold   . . .      Faith    .   (shield currently unavailable)
rNeg    . . .      Spirit   .   a - +0 robe
rPois   .          Reflect  .   (helmet restricted)
rElec   .          Harm     .   L - +0 cloak
rCorr   .          Rampage  .   (gloves unavailable)
Will    .....                   (boots unavailable)
Stlth   +.........              i - amulet of regeneration
HPRegen 1.85/turn               r - ring of wizardry
MPRegen 0.14/turn               x - ring of see invisible

@: no status effects
A: large, unfitting armour, claws 3, regeneration 1, shaggy fur 1, tough skin 1
a: no special abilities


You were on level 1 of the Lair of Beasts.
You visited 3 branches of the dungeon, and saw 10 of its levels.
You also visited: Ossuary.

You collected 421 gold pieces.
You spent 212 gold pieces at shops.

Inventory:

Hand Weapons
 K - a +4 quarterstaff of chaos (weapon)
Missiles
 h - a throwing net
Armour
 a - a +0 robe (worn)
 L - a +0 cloak (worn)
Magical Staves
 C - a staff of cold
Jewellery
 i - an amulet of regeneration (around neck)
 r - a ring of wizardry (left claw)
 x - a ring of see invisible (right claw)
Wands
 o - a wand of mindburst (11)
 B - a wand of charming (8)
 N - a wand of acid (8)
Scrolls
 c - 2 scrolls of vulnerability {unknown}
 f - 4 scrolls of enchant weapon {unknown}
 j - 5 scrolls of teleportation {unknown}
 n - a scroll of blinking
 p - 2 scrolls of poison
 q - 2 scrolls of enchant armour {unknown}
 s - a scroll of summoning
 w - a scroll of magic mapping
 F - 3 scrolls of fear
 G - 2 scrolls of brand weapon
 I - a scroll of torment {unknown}
 J - 3 scrolls of butterflies {unknown}
 P - 2 scrolls of noise {unknown}
 Q - a scroll of immolation {unknown}
Potions
 b - 2 potions of lignification
 d - 2 potions of brilliance {unknown}
 e - a potion of mutation
 g - 2 potions of berserk rage
 k - 6 potions of curing {unknown}
 l - 4 potions of flight
 t - 4 potions of attraction
 v - a potion of invisibility
 z - 2 potions of magic
 E - 2 potions of heal wounds
Miscellaneous
 A - a box of beasts (inert)


   Skills:
 * Level 4.4 Fighting
 - Level 1.3(2.7) Maces & Flails
 + Level 3.2(3.4) Staves
 + Level 4.7 Dodging
 - Level 4.7 Unarmed Combat
 + Level 4.1 Spellcasting
 + Level 4.3 Transmutations
 * Level 3.6 Ice Magic
 * Level 3.1 Evocations


You had 6 spell levels left.
You knew the following spells:

 Your Spells              Type           Power      Damage    Failure   Level
a - Beastly Appendage     Tmut           22%        N/A       1%          1
b - Wereblood             Tmut           11%        N/A       2%          2
c - Frozen Ramparts       Ice            20%        1d4       6%          3
d - Ice Form              Ice/Tmut       11%        N/A       17%         4
e - Freeze                Ice            40%        1d6       2%          1

Your spell library contained the following spells:

 Spells                   Type           Power      Damage    Failure   Level
 Magic Dart               Conj           8%         1d3       10%         1
 Spider Form              Tmut/Pois      7%         N/A       12%         3
 Call Imp                 Summ           2%         N/A       14%         2
 Mephitic Cloud           Conj/Pois/Air  2%         N/A       26%         3
 Hailstorm                Conj/Ice       6%         3d4       38%         4
 Corpse Rot               Necr/Pois/Air  2%         N/A       65%         4
 Dispel Undead            Necr           2%         3d7       65%         4
 Death Channel            Necr           1%         N/A       100%        6


Dungeon Overview and Level Annotations

Branches:
Dungeon (8/15)             Temple (1/1) D:6            Lair (1/5) D:8
Ossuary (visited)

Altars:
Ashenzari
Cheibriados
Dithmenos
Elyvilon
Fedhas
Gozag
Hepliaklqana
Kikubaaqudgha
Makhleb
Nemelex Xobeh
Qazlal
Ru
Sif Muna
Trog
Wu Jian
Xom
The Shining One

Shops:
D:1 *   D:2 *   D:3 (   D:4 [

Portals:
Gauntlet: Lair:1

Annotations:
D:8 1 runed translucent door, 2 transporters, Kordrann's ghost, novice HOFi


Innate Abilities, Weirdness & Mutations

You are too large for most types of armour.
You have claws for hands.
Your natural rate of healing is unusually fast.
You are covered in fur. (AC +1)
You have tough skin. (AC +1)


Message History

Beware, the minotaur awaits!
You hear the faint beating of a drum very nearby.
A komodo dragon comes into view.
Found 18 gold pieces.
The komodo dragon hisses angrily.
You hit the komodo dragon but do no damage.
Your transformation is almost over.
The komodo dragon closely misses you.
You hit the komodo dragon but do no damage.
The komodo dragon bites you.
You punch the komodo dragon! You freeze the komodo dragon.
The komodo dragon is moderately wounded.
The komodo dragon bites you but does no damage.
You punch the komodo dragon! You freeze the komodo dragon.
The komodo dragon is heavily wounded.
The komodo dragon bites you!!
You completely miss the komodo dragon.
The komodo dragon is heavily wounded.
The komodo dragon bites you!!
You hit the komodo dragon but do no damage.
The komodo dragon is heavily wounded.
The komodo dragon bites you!!
Press: ? - help, v - describe, . - travel The floor.
You hit the komodo dragon but do no damage.
The komodo dragon is heavily wounded.
You punch the komodo dragon! You freeze the komodo dragon.
The komodo dragon is severely wounded.
The komodo dragon bites you!
* * * LOW HITPOINT WARNING * * *
The komodo dragon attacks as you move away!
The komodo dragon bites you!!
* * * LOW HITPOINT WARNING * * *
You warm up again.
Your +4 quarterstaff of chaos unmelds from your body.
Your +0 cloak unmelds from your body.
Your +0 robe unmelds from your body.
Your +4 quarterstaff of chaos is briefly surrounded by a scintillating aura of random colours.
The komodo dragon attacks as you move away!
The komodo dragon bites you!!
You die...

##..P #...# ### ....
#...# ##.. ...##
#...# #.∩. #...#
##... #... #...#
#...#######.. ...#
#.#...#.#...
###..#####....#......
#..l##.......#.###...
##..@........### #..#
#....##..#...P# #...
##....####...## #...
#...## ....# #.#.
#...# ##...# #..#
#.... ##..# #.. #...#
... #... #...# #...
#...$ ##..


You could see a komodo dragon.

Vanquished Creatures
  A rime drake (Lair:1)
  Sigmund (D:3)
  3 water moccasins
  2 sky beasts
  An orc warrior (D:8)
  2 ice beasts
  3 black bears
  An ogre (D:4)
  2 phantoms
  3 bullfrogs
  A necrophage (D:4)
  3 scorpions
  7 killer bees (D:8)
  A howler monkey (D:4)
  2 jellies
  10 hounds
  Crazy Yiuf (D:7)
  4 gnoll boudas
  3 orc priests
  Ijyb (D:3)
  3 iguanas
  8 orc wizards
  A mummy (Ossuary)
  9 adders
  13 gnolls
  2 shadow imps
  2 worms
  2 dart slugs
  32 orcs
  3 spectral bats (Ossuary)
  7 bats
  7 endoplasms
  2 giant cockroaches (D:2)
  4 goblins
  10 hobgoblins
  8 kobolds
  5 quokkas
  8 ball pythons
  4 bat simulacra (Ossuary)
  2 frilled lizards
  13 gnoll zombies (Ossuary)
  4 goblin simulacra (Ossuary)
  5 goblin zombies (Ossuary)
  4 hobgoblin zombies (Ossuary)
  2 kobold simulacra (Ossuary)
  6 kobold zombies (Ossuary)
  3 orc zombies (Ossuary)
  9 rats
  5 rat simulacra (Ossuary)
  3 spectral goblins (Ossuary)
  A spectral kobold (Ossuary)
  3 spectral rats (Ossuary)
242 creatures vanquished.

Vanquished Creatures (collateral kills)
  A bullfrog (D:8)
  2 killer bees (D:8)
3 creatures vanquished.

Vanquished Creatures (others)
  2 fungi
  A plant (D:5)
  2 withered plants (D:8)
5 creatures vanquished.

Grand Total: 250 creatures vanquished

Notes
Turn   | Place    | Note
-------+----------+-------------------------------------------
     0 | D:1      | keekatzer the Troll Transmuter began the quest for the Orb.
     0 | D:1      | Reached XP level 1. HP: 18/18 MP: 1/1
    44 | D:1      | Reached XP level 2. HP: 25/26 MP: 2/2
    93 | D:1      | Learned a level 2 spell: Wereblood
    97 | D:1      | You fall into a shaft and drop 1 floor!
   110 | D:2      | Identified the +3 leather armour of Reason {MP+9 Stlth+}
   202 | D:2      | Found Ryurorph's General Store.
   251 | D:2      | Reached XP level 3. HP: 31/32 MP: 4/4
   633 | D:1      | Found Zomehyub's General Store.
   996 | D:3      | Found Avoet Tagg's Weapon Emporium.
  1089 | D:3      | Reached XP level 4. HP: 40/40 MP: 3/5
  1207 | D:3      | Noticed Sigmund
  1296 | D:3      | Noticed Ijyb
  1317 | D:3      | HP: 1/40 [disintegration (20)]
  1319 | D:3      | Killed Ijyb
  1320 | D:3      | Reached skill level 1 in Fighting
  1385 | D:3      | Reached XP level 5. HP: 41/48 MP: 3/6
  1408 | D:3      | Learned a level 3 spell: Frozen Ramparts
  1707 | D:3      | Found a hazy altar of Hepliaklqana.
  1811 | D:4      | Noticed an ogre
  1878 | D:3      | Killed Sigmund
  1879 | D:3      | Reached skill level 1 in Ice Magic
  1879 | D:3      | Reached XP level 6. HP: 48/55 MP: 5/8
  1929 | D:4      | Found a large runed translucent door.
  1930 | D:4      | Found a large runed translucent door.
  1955 | D:4      | Found a blossoming altar of Fedhas.
  2005 | D:4      | Found Xeez Bio's Armour Shoppe.
  2217 | D:4      | Found a large runed translucent door.
  2217 | D:4      | Found a large runed translucent door.
  2237 | D:4      | Reached XP level 7. HP: 56/63 MP: 7/9
  2254 | D:4      | Found a sparkling altar of Nemelex Xobeh.
  2372 | D:4      | Reached skill level 1 in Maces & Flails
  2513 | D:4      | Learned a level 4 spell: Ice Form
  2515 | D:4      | Learned a level 1 spell: Freeze
  2675 | D:1      | Bought a potion of flight for 36 gold pieces
  2675 | D:1      | Bought a scroll of identify for 24 gold pieces
  2675 | D:1      | Bought a potion of heal wounds for 60 gold pieces
  2675 | D:1      | Bought a potion of degeneration for 12 gold pieces
  2740 | D:2      | Bought a scroll of poison for 40 gold pieces
  2740 | D:2      | Bought a scroll of fear for 40 gold pieces
  2795 | D:5      | Entered Level 5 of the Dungeon
  2893 | D:5      | Reached XP level 8. HP: 62/74 MP: 9/11
  2988 | D:5      | Reached skill level 1 in Staves
  3053 | D:5      | Reached skill level 1 in Evocations
  3094 | D:5      | Identified the +1 leather armour of the Lost Path {rN+
                  | Str+9 Int+2 Dex+3}
  3152 | D:5      | Found a broken altar of Ashenzari.
  3564 | D:6      | Reached XP level 9. HP: 78/83 MP: 11/13
  3626 | D:6      | Found a staircase to the Ecumenical Temple.
  3653 | Temple   | Entered the Ecumenical Temple
  4364 | D:7      | Found a runed translucent door.
  4365 | D:7      | Noticed Crazy Yiuf
  4375 | D:7      | Killed Crazy Yiuf
  4776 | D:8      | Found a staircase to the Lair.
  4942 | D:8      | Found a glowing golden altar of the Shining One.
  5127 | D:8      | Found a sand-covered staircase.
  5165 | Ossuary  | Entered an ossuary
  5588 | D:8      | Found a runed translucent door.
  5588 | D:8      | Noticed Kordrann's ghost (novice HOFi)
  5714 | D:8      | Found a transporter.
  5714 | D:8      | Found a transporter.
  5714 | D:8      | Noticed a boulder beetle
  5860 | Lair:1   | Entered Level 1 of the Lair of Beasts
  5869 | Lair:1   | Found a gate leading to a gauntlet.
  5887 | Lair:1   | Noticed a rime drake
  5898 | Lair:1   | Killed a rime drake
  5899 | Lair:1   | Reached XP level 10. HP: 94/94 MP: 11/15
  5930 | Lair:1   | Mangled by a komodo dragon

Illustrated notes

Levels and vault maps discovered:
D:1:      lightli_arrival_lavapool, layout_rooms, serial_shops, shop
D:2:      layout_basic, serial_shops, shop
D:3:      layout_loops_ring, marbit_many_paths, serial_shops,
          nicolae_shop_statue_plus, uniq_ijyb, uniq_sigmund
D:4:      layout_rooms, mainiacjoe_overflow_paths, fedhas_altar_1, serial_shops,
          nicolae_shop_temple_entry_statues_fountains, kennysheep_cross_room,
          minmay_hollow_rounded_squares
D:5:      layout_loops_cross, ashenzari_altar_1, serial_bayou_pond_b
D:6:      layout_cave_pools, minmay_temple_entry_hall, minmay_checkerbox
D:7:      layout_loops_ring, uniq_crazy_yiuf_cottage
D:8:      gammafunk_boulding_lane, layout_basic, mainiacjoe_overflow_alcove_4,
          lair_entry_dummy, nicolae_ossuary_entry_false_entrances,
          gammafunk_ghost_grave
Temple:   hc_temple_tempest_star
Lair:1:   layout_concentric_octagons, gauntlet_entry_generic, grunt_megastairs_1

Skill      XL: |  1  2  3  4  5  6  7  8  9 |
---------------+----------------------------+-----
Dodging        | 2 3 4 |  4.7
Transmutations | 2 3 4 |  4.3
Fighting       | 1 2 3 4 |  4.4
Unarmed Combat | 4 |  4.7
Spellcasting   | 2 3 4 |  4.1
Ice Magic      | 1 2 3 |  3.6
Maces & Flails | 1 |  1.3
Staves         | 2 3 |  3.2
Evocations     | 2 3 |  3.1

Action                   |  1- 3 |  4- 6 |  7- 9 | 10-12 || total
-------------------------+-------+-------+-------+-------++-------
Melee: Unarmed           |    95 |    97 |   317 |     8 ||   517
       Headbutt          |     7 |     8 |    29 |       ||    44
       Kick              |     6 |    17 |    54 |       ||    77
       Punch             |     2 |     3 |     3 |       ||     8
       Staff             |       |       |     1 |       ||     1
       Quarterstaff      |       |       |   125 |       ||   125
 Cast: Beastly Appendage |    12 |    14 |    35 |       ||    61
       Wereblood         |       |     1 |    14 |       ||    15
       Frozen Ramparts   |       |       |     1 |       ||     1
       Ice Form          |       |       |     7 |       ||     7
Evoke: Box of beasts     |       |       |     1 |       ||     1
  Use: Scroll            |       |       |     9 |       ||     9
 Stab: Paralysed         |       |       |     1 |       ||     1
Armor: Robe              |    23 |    11 |    65 |       ||    99
       Skin              |       |       |    26 |     1 ||    27
Dodge: Dodged            |    40 |    39 |   246 |     1 ||   326
